[Event "January 2 Early 2024"]
[Site "https://www.chess.com"]
[Date "2024.01.02"]
[Round "1"]
[White "Karttunen, Mika"]
[Black "Jeran, Bostjan"]
[Result "1-0"]
[Board "181"]
[TimeControl "180+1"]
[WhiteFideId "502081"]
[BlackFideId "14604612"]
[WhiteElo "2673"]
[BlackElo "2332"]
[WhiteTeam "FIN"]
[BlackTeam "SLO"]
[WhiteClock "0:00:38"]
[BlackClock "0:00:07"]

1. e4 c5 2. Nf3 e6 3. d4 cxd4 4. Nxd4 a6 5. Bd3 Qc7 6. Qe2 d6 7. O-O Nd7 8. c4 Ngf6 9. f4 Be7 10. Nc3 O-O 11. Be3 b6 12. Rac1 Bb7 13. b4 Rac8 14. a3 Qb8 15. Kh1 Rfe8 16. Bg1 Bf8 17. Nb3 Qa8 18. Rfe1 a5 19. Ra1 a4 20. Nd2 d5 21. e5 dxc4 22. Nxc4 Nd5 23. Nxd5 Bxd5 24. Nxb6 Nxb6 25. Bxb6 Rc3 26. Be4 Rec8 27. Bxd5 Qxd5 28. Qe4 Qb3 29. f5 exf5 30. Qxf5 g6 31. Qf1 Rc2 32. e6 fxe6 33. Bd4 Qd5 34. Rad1 Qf5 35. Qa6 Re8 36. Qb7 e5 37. Rf1 Qe6 38. Rde1 Qc6 39. Qf7+ Kh8 40. Bxe5+ Rxe5 41. Qxf8# 1-0

[Event "January 2 Early 2024"]
[Site "https://www.chess.com"]
[Date "2024.01.02"]
[Round "1"]
[White "Preobrazhenskaya, Diana"]
[Black "Vlassov, Nikolai"]
[Result "0-1"]
[Board "182"]
[TimeControl "180+1"]
[WhiteFideId "34270566"]
[BlackFideId "4103360"]
[WhiteElo "2331"]
[BlackElo "2672"]
[WhiteTeam "FID"]
[BlackTeam "FID"]
[WhiteClock "0:00:07"]
[BlackClock "0:01:15"]

1. e4 Nc6 2. Nf3 d5 3. exd5 Qxd5 4. Nc3 Qa5 5. d4 Bg4 6. Be2 O-O-O 7. Be3 Nf6 8. O-O e5 9. d5 Nxd5 10. Nxd5 Rxd5 11. Qc1 e4 12. Nd4 Nxd4 13. Bxg4+ f5 14. Bxd4 Rxd4 15. Be2 Bd6 16. c3 Qe5 17. g3 Rd5 18. b4 Be7 19. Qe3 Kb8 20. a4 g5 21. Bc4 f4 22. Qe1 Rd6 23. b5 h5 24. a5 h4 25. g4 f3 26. h3 Rf6 27. b6 Bd6 28. bxa7+ Ka8 29. Qe3 Qh2# 0-1

[Event "January 2 Early 2024"]
[Site "https://www.chess.com"]
[Date "2024.01.02"]
[Round "1"]
[White "Shandrygin, Nikita"]
[Black "Kleibel, Uwe"]
[Result "0-1"]
[Board "183"]
[TimeControl "180+1"]
[WhiteFideId "24198668"]
[BlackFideId "1270982"]
[WhiteElo "2670"]
[BlackElo "2330"]
[WhiteTeam "RUS"]
[BlackTeam "GER"]
[WhiteClock "0:00:00"]
[BlackClock "0:01:12"]

1. Nf3 d5 2. g3 Nf6 3. Bg2 e6 4. O-O Be7 5. d4 O-O 6. b3 a5 7. Bb2 a4 8. Nbd2 a3 9. Bc3 b5 10. Rc1 b4 11. Ba1 c5 12. c4 cxd4 13. Nxd4 Bb7 14. Qc2 Nc6 15. Nxc6 Bxc6 16. Rfd1 Rc8 17. e4 Qb6 18. exd5 exd5 19. c5 Qb7 20. Nf3 d4 21. Qd3 Be4 22. Nh4 Bxg2 23. Nxg2 Bxc5 24. Bxd4 Rfd8 25. Rc4 Bxd4 26. Rxd4 Rxd4 0-1

[Event "January 2 Early 2024"]
[Site "https://www.chess.com"]
[Date "2024.01.02"]
[Round "1"]
[White "Dahl, Trygve"]
[Black "Sahib Singh"]
[Result "0-1"]
[Board "184"]
[TimeControl "180+1"]
[WhiteFideId "1513427"]
[BlackFideId "25618342"]
[WhiteElo "2330"]
[BlackElo "2668"]
[WhiteTeam "NOR"]
[BlackTeam "IND"]
[WhiteClock "0:00:11"]
[BlackClock "0:00:13"]

1. Nf3 d5 2. g3 Nd7 3. d4 Nb6 4. Bg2 Nf6 5. O-O h6 6. b3 Bf5 7. Bb2 e6 8. Nbd2 a5 9. a4 Nbd7 10. c4 Bb4 11. Rc1 O-O 12. Ne5 Nxe5 13. dxe5 Ne4 14. Nxe4 dxe4 15. e3 Qd2 16. Rc2 Qxd1 17. Rxd1 Rfd8 18. Rcc1 Bd2 19. Rc2 Bc3 20. Rdc1 Bxb2 21. Rxb2 Rd3 22. Bf1 Rd7 23. Be2 Rad8 24. Kf1 Rd2 25. Rcb1 R2d7 26. Ke1 b6 27. Rd1 Rxd1+ 28. Bxd1 Kf8 29. Rd2 Rc8 30. c5 bxc5 31. Be2 Rb8 32. Bc4 Ke7 33. Kd1 Rd8 34. Kc2 Rxd2+ 35. Kxd2 c6 36. Kc3 Kd8 37. Be2 Kc7 38. Kc4 Kb6 39. g4 Bh7 40. h3 f6 41. Kc3 fxe5 42. Kc4 Bg6 43. Bd1 Be8 44. Bc2 Bd7 45. Bxe4 Bc8 46. Kc3 Ba6 47. Bd3 Bxd3 48. Kxd3 g5 49. Kc4 e4 50. Kc3 Kc7 51. Kc4 Kd6 52. Kc3 Kd5 53. Kc2 c4 54. Kc3 cxb3 55. Kxb3 c5 56. Kc3 c4 57. Kb2 Kc5 58. Kc3 e5 0-1

[Event "January 2 Early 2024"]
[Site "https://www.chess.com"]
[Date "2024.01.02"]
[Round "1"]
[White "Skliarov, Viktor"]
[Black "Buscar, Michael"]
[Result "1/2-1/2"]
[Board "185"]
[TimeControl "180+1"]
[WhiteFideId "14106736"]
[BlackFideId "2603616"]
[WhiteElo "2667"]
[BlackElo "2327"]
[WhiteTeam "UKR"]
[BlackTeam "CAN"]
[WhiteClock "0:00:12"]
[BlackClock "0:00:10"]

1. e4 c5 2. Nf3 Nc6 3. Bb5 Nf6 4. Bxc6 bxc6 5. d3 g6 6. O-O Bg7 7. Re1 O-O 8. e5 Nd5 9. Na3 Nc7 10. Nc4 Ne6 11. Be3 Qc7 12. Qd2 Re8 13. Bh6 Bh8 14. c3 Ba6 15. Rad1 d5 16. exd6 exd6 17. Ng5 Nxg5 18. Qxg5 d5 19. Ne3 Rab8 20. Ng4 f5 21. Nf6+ Bxf6 22. Qxf6 Bxd3 23. h4 Be2 24. Rd2 Bb5 25. Re3 Rxe3 26. Bxe3 Re8 27. h5 Qf7 28. Qxf7+ Kxf7 29. hxg6+ hxg6 30. Bxc5 Re1+ 31. Kh2 Re2 32. Rxe2 Bxe2 33. Bxa7 Ba6 34. Kg3 g5 35. Kf3 Ke6 36. Bc5 g4+ 37. Kf4 Bf1 38. g3 Bd3 39. Ke3 Bb1 40. Kd4 Bxa2 41. b4 Bc4 42. Ke3 Bb5 43. Kd4 Bc4 1/2-1/2

[Event "January 2 Early 2024"]
[Site "https://www.chess.com"]
[Date "2024.01.02"]
[Round "1"]
[White "Tuleyeva-Aketayeva, Dana"]
[Black "Aldokhin, Ivan"]
[Result "0-1"]
[Board "186"]
[TimeControl "180+1"]
[WhiteFideId "13701932"]
[BlackFideId "24115720"]
[WhiteElo "2326"]
[BlackElo "2665"]
[WhiteTeam "KAZ"]
[BlackTeam "RUS"]
[WhiteClock "0:00:00"]
[BlackClock "0:00:38"]

1. d4 Nf6 2. Nf3 g6 3. g3 Bg7 4. Bg2 O-O 5. O-O d6 6. Nc3 Nbd7 7. e4 e5 8. Be3 exd4 9. Bxd4 Re8 10. Re1 c6 11. e5 dxe5 12. Nxe5 Nxe5 13. Bxe5 Bf5 14. Qc1 Qa5 15. Bxf6 Bxf6 16. Ne4 Bxe4 17. Bxe4 Re7 18. c3 Rae8 19. Qc2 Bxc3 20. bxc3 f5 21. f3 fxe4 22. Rxe4 Rxe4 23. fxe4 Qc5+ 24. Kg2 Qc4 25. Rf1 Re5 26. Rf4 Ra5 27. Qf2 Rxa2 28. Rf8+ Kg7 29. Rf4 Rxf2+ 30. Rxf2 Qxe4+ 31. Rf3 a5 32. h4 a4 33. h5 gxh5 34. g4 hxg4 35. Kh2 Qxf3 36. c4 Qf2+ 37. Kh1 g3 0-1

[Event "January 2 Early 2024"]
[Site "https://www.chess.com"]
[Date "2024.01.02"]
[Round "1"]
[White "Nouri, Alekhine"]
[Black "Lacasa Diaz, Josep Anton"]
[Result "1-0"]
[Board "187"]
[TimeControl "180+1"]
[WhiteFideId "5216184"]
[BlackFideId "2203375"]
[WhiteElo "2663"]
[BlackElo "2326"]
[WhiteTeam "PHI"]
[BlackTeam "ESP"]
[WhiteClock "0:00:49"]
[BlackClock "0:00:00"]

1. e4 c5 2. Nc3 g6 3. d4 cxd4 4. Qxd4 Nf6 5. Nf3 Nc6 6. Qa4 d6 7. e5 dxe5 8. Nxe5 Bg7 9. Bb5 O-O 10. Nxc6 bxc6 11. Bxc6 Rb8 12. O-O Qc7 13. Bf3 Bd7 14. Qa3 Bf5 15. Be3 a5 16. Rac1 Rfd8 17. h3 e5 18. Rfd1 e4 19. Be2 Rxd1+ 20. Rxd1 Bf8 21. Qa4 Rxb2 22. Qd4 Rxc2 23. Qxf6 Be7 24. Qa6 Qxc3 25. Bd4 Qc8 26. Qxa5 Rxe2 27. Qe5 1-0

[Event "January 2 Early 2024"]
[Site "https://www.chess.com"]
[Date "2024.01.02"]
[Round "1"]
[White "Harriott, Tyrell"]
[Black "Gullaksen, Eirik"]
[Result "0-1"]
[Board "188"]
[TimeControl "180+1"]
[WhiteFideId "2086484"]
[BlackFideId "1500945"]
[WhiteElo "2324"]
[BlackElo "2662"]
[WhiteTeam "USA"]
[BlackTeam "NOR"]
[WhiteClock "0:00:05"]
[BlackClock "0:01:23"]

1. d4 Nf6 2. e3 g6 3. Bd3 Bg7 4. f4 O-O 5. Nf3 d6 6. O-O c5 7. c3 Nc6 8. Bc2 e5 9. d5 Ne7 10. fxe5 dxe5 11. e4 Ne8 12. Na3 Nd6 13. c4 f5 14. Qe2 f4 15. Nb5 h6 16. Nxd6 Qxd6 17. Bd2 g5 18. Ne1 g4 19. Rb1 a5 20. a3 a4 21. Nd3 h5 22. b4 axb3 23. Rxb3 b6 24. Rfb1 Ra6 25. a4 Qg6 26. a5 f3 27. Qe3 fxg2 28. axb6 Rf1+ 29. Kxg2 Rxb1 30. Rxb1 Ra2 31. Ne1 Bb7 32. Qxc5 Rxc2 33. Nxc2 Qxe4+ 34. Kf2 Qxc2 35. Qb4 Bh6 36. Rb2 Qf5+ 37. Ke1 Bxd2+ 38. Rxd2 Ng6 39. Rb2 Nf4 40. Rd2 Nd3+ 41. Rxd3 Qxd3 42. Qc5 Qe4+ 43. Kd2 Qd4+ 44. Qxd4 exd4 45. Kd3 h4 46. Kxd4 g3 47. hxg3 h3 48. Ke3 h2 49. c5 Bxd5 50. c6 Bxc6 51. Kf4 h1=Q 52. Kg5 Qe4 53. g4 Kg7 54. b7 Bxb7 55. Kh4 Qg2 56. Kg5 Bc8 57. Kf4 Qxg4+ 58. Ke5 Qf5+ 59. Kd6 Qe6+ 60. Kc5 Qd7 61. Kc4 Qd2 62. Kc5 Qd3 63. Kc6 Qd4 64. Kc7 Qd5 65. Kb6 Qc4 66. Ka7 Qb5 0-1

[Event "January 2 Early 2024"]
[Site "https://www.chess.com"]
[Date "2024.01.02"]
[Round "1"]
[White "Grieve, Harry"]
[Black "Korol, Dimitry"]
[Result "1/2-1/2"]
[Board "189"]
[TimeControl "180+1"]
[WhiteFideId "426520"]
[BlackFideId "14108003"]
[WhiteElo "2662"]
[BlackElo "2322"]
[WhiteTeam "ENG"]
[BlackTeam "UKR"]
[WhiteClock "0:00:18"]
[BlackClock "0:00:03"]

1. e4 c5 2. Nc3 g6 3. d4 cxd4 4. Qxd4 Nf6 5. Be3 Nc6 6. Qd2 d6 7. f3 Bg7 8. O-O-O O-O 9. Nge2 Qa5 10. Kb1 Bd7 11. Nd4 Rfc8 12. Be2 Ne5 13. g4 b5 14. g5 Nh5 15. Nd5 Qxd2 16. Rxd2 Kf8 17. b3 e6 18. Nb4 a5 19. Nd3 Rab8 20. Nf2 Rc3 21. Nd1 Rc7 22. f4 Nc4 23. bxc4 bxc4+ 24. Kc1 Rcb7 25. Nc3 Ke7 26. Bxc4 Rc8 27. Ba6 Rxc3 28. Bxb7 Rxe3 29. f5 Be5 30. f6+ Kd8 31. Rhd1 Kc7 32. Ba6 Rxe4 33. Nf3 Bf4 34. Kb2 Bxd2 35. Rxd2 d5 36. Bd3 Re3 37. Nd4 Nf4 38. h4 e5 39. Nb3 a4 40. Nc5 Nxd3+ 41. cxd3 Kd6 42. Nb7+ Kc7 43. Nc5 Kd6 44. Nb7+ Kc7 45. Nc5 1/2-1/2

[Event "January 2 Early 2024"]
[Site "https://www.chess.com"]
[Date "2024.01.02"]
[Round "1"]
[White "Shtompel, Yuriy"]
[Black "Injac, Teodora"]
[Result "0-1"]
[Board "190"]
[TimeControl "180+1"]
[WhiteFideId "14168278"]
[BlackFideId "932400"]
[WhiteElo "2321"]
[BlackElo "2661"]
[WhiteTeam "GER"]
[BlackTeam "SRB"]
[WhiteClock "0:00:05"]
[BlackClock "0:00:19"]

1. Nf3 Nf6 2. g3 b6 3. Bg2 Bb7 4. O-O g6 5. d3 Bg7 6. c3 O-O 7. Nbd2 c5 8. h3 d6 9. e4 Nbd7 10. a4 a6 11. Qe2 e5 12. Ne1 Re8 13. f4 d5 14. f5 c4 15. fxg6 hxg6 16. dxc4 dxe4 17. Nxe4 Nxe4 18. Bxe4 Bxe4 19. Qxe4 Nc5 20. Qf3 Qd7 21. Be3 e4 22. Qg2 Rad8 23. Nc2 Qd3 24. Qf2 f5 25. g4 Rf8 26. gxf5 Rxf5 27. Qg2 Rdf8 28. Rxf5 Rxf5 29. Re1 Ne6 30. Qe2 Qd8 31. Qg4 Qf6 32. Qxe4 Ng5 33. Bxg5 Rxg5+ 34. Kh1 Qf2 35. Qa8+ Kh7 36. Qe4 Be5 37. Qe2 Rg1+ 38. Rxg1 Qxe2 39. Nd4 Qh2# 0-1

[Event "January 2 Early 2024"]
[Site "https://www.chess.com"]
[Date "2024.01.02"]
[Round "1"]
[White "Guerra Tulcan, Lenin"]
[Black "Ruge, Edison"]
[Result "1-0"]
[Board "191"]
[TimeControl "180+1"]
[WhiteFideId "3601382"]
[BlackFideId "4401000"]
[WhiteElo "2660"]
[BlackElo "2318"]
[WhiteTeam "ECU"]
[BlackTeam "COL"]
[WhiteClock "0:01:31"]
[BlackClock "0:00:10"]

1. e4 e5 2. Nf3 Nc6 3. Bb5 f5 4. Bxc6 dxc6 5. Nxe5 Qd4 6. Nf3 Qxe4+ 7. Kf1 Nf6 8. Nc3 Qg4 9. Qe2+ Be7 10. d3 Nd5 11. Nxd5 cxd5 12. Bg5 O-O 13. Qxe7 f4 14. h3 Qf5 15. Nh4 Qf7 16. Qxf7+ Rxf7 17. Re1 h6 18. Be7 Bd7 19. Nf3 Re8 20. Bb4 Rxe1+ 21. Kxe1 Rf6 22. Kd2 b6 23. Bc3 Rf8 24. Be5 c5 25. Re1 g5 26. Bd6 Rf6 27. Bb8 a6 28. Re7 Be6 29. Be5 Rg6 30. a4 Bf7 31. Rb7 Kf8 32. Bc7 Ke8 33. Rxb6 Rxb6 34. Bxb6 c4 35. dxc4 dxc4 36. Ne5 Bd5 37. f3 Ke7 38. Kc3 Ke6 39. Kd4 h5 40. Bd8 g4 41. hxg4 hxg4 42. Nxg4 Bc6 43. b3 cxb3 44. cxb3 Bd5 45. b4 Bb3 46. a5 Ba4 47. Bc7 Bb5 48. Bxf4 Bf1 49. Ne3 1-0

[Event "January 2 Early 2024"]
[Site "https://www.chess.com"]
[Date "2024.01.02"]
[Round "1"]
[White "Ankerst, Mihael"]
[Black "Spata, German"]
[Result "0-1"]
[Board "192"]
[TimeControl "180+1"]
[WhiteFideId "14602369"]
[BlackFideId "113026"]
[WhiteElo "2317"]
[BlackElo "2659"]
[WhiteTeam "SLO"]
[BlackTeam "ARG"]
[WhiteClock "0:00:15"]
[BlackClock "0:00:08"]

1. e4 g6 2. d4 Bg7 3. Nc3 d6 4. f4 a6 5. Nf3 b5 6. Bd3 Bb7 7. Be3 Nd7 8. e5 Nh6 9. Ne4 O-O 10. Qd2 c5 11. c3 cxd4 12. cxd4 Nb6 13. h3 Nc4 14. Qe2 Nxe3 15. Qxe3 Nf5 16. Qd2 dxe5 17. dxe5 Nd4 18. Nxd4 Qxd4 19. Qf2 Qxd3 20. Nc5 Qd5 21. Rd1 Qxg2 22. Qxg2 Bxg2 23. Rh2 Bc6 24. h4 Rfd8 25. Rxd8+ Rxd8 26. Nxa6 f6 27. exf6 Bxf6 28. h5 Be4 29. hxg6 hxg6 30. Nc5 Bf5 31. a3 Rd4 32. Rd2 Rxd2 33. Kxd2 Bxb2 34. a4 b4 35. a5 Bc3+ 36. Ke3 e5 37. a6 Bd4+ 38. Kf3 Bxc5 39. fxe5 b3 40. Kf4 b2 41. a7 Bxa7 42. Kg5 b1=Q 43. Kf6 Qe4 44. Kg5 Qxe5 45. Kh6 Qg7+ 46. Kg5 Be3+ 47. Kh4 Qh6+ 48. Kg3 Qf4+ 49. Kg2 Be4+ 50. Kh3 Qf3+ 51. Kh4 Bf2+ 52. Kg5 Qf5+ 53. Kh6 Qh5# 0-1

[Event "January 2 Early 2024"]
[Site "https://www.chess.com"]
[Date "2024.01.02"]
[Round "1"]
[White "Tan, Jun Ying"]
[Black "Kornyukov, Alexey"]
[Result "1-0"]
[Board "193"]
[TimeControl "180+1"]
[WhiteFideId "5710413"]
[BlackFideId "4150457"]
[WhiteElo "2658"]
[BlackElo "2317"]
[WhiteTeam "MAS"]
[BlackTeam "RUS"]
[WhiteClock "0:00:28"]
[BlackClock "0:00:17"]

1. d4 Nf6 2. c4 e6 3. Nc3 Bb4 4. e3 O-O 5. Bd2 d5 6. Nf3 dxc4 7. Bxc4 c5 8. a3 Bxc3 9. Bxc3 cxd4 10. Nxd4 Nd5 11. Bd2 Qb6 12. O-O Nc6 13. Nxc6 bxc6 14. Qc2 Ba6 15. Bxa6 Qxa6 16. Rfc1 Rac8 17. e4 Nf6 18. Be3 Rfd8 19. Bg5 Qd3 20. e5 Qxc2 21. Rxc2 h6 22. Bxf6 gxf6 23. exf6 Kh7 24. Rac1 Kg6 25. Kf1 Rd6 26. b4 a6 27. a4 Rb8 28. Rxc6 Rxc6 29. Rxc6 Rxb4 30. Rxa6 Kxf6 31. g3 Kg5 32. Kg2 f5 33. Rxe6 Rxa4 34. h4+ Kh5 35. Rf6 Ra5 36. Kh3 Re5 37. Rxf5+ Rxf5 38. g4+ Kg6 39. gxf5+ Kxf5 40. Kg3 h5 41. Kf3 Ke5 42. Ke3 Kf5 43. f3 Ke5 44. f4+ Kf5 45. Kf3 Kf6 46. Ke4 Ke6 47. f5+ Kf6 48. Kf4 Kf7 49. Kg5 Ke7 50. Kxh5 Kf6 51. Kg4 Kg7 52. Kg5 Kh7 53. Kf6 Kh6 54. Ke7 1-0

[Event "January 2 Early 2024"]
[Site "https://www.chess.com"]
[Date "2024.01.02"]
[Round "1"]
[White "Pogorelskikh, Sofia"]
[Black "Iskusnyh, Sergei"]
[Result "0-1"]
[Board "194"]
[TimeControl "180+1"]
[WhiteFideId "44164548"]
[BlackFideId "4120027"]
[WhiteElo "2313"]
[BlackElo "2657"]
[WhiteTeam "SRB"]
[BlackTeam "RUS"]
[WhiteClock "0:00:00"]
[BlackClock "0:00:26"]

1. e4 e6 2. d4 d5 3. Nc3 Nf6 4. e5 Nfd7 5. f4 c5 6. Nf3 Nc6 7. Be3 Rb8 8. Qd2 Qa5 9. Nb5 Qxd2+ 10. Kxd2 a6 11. Nd6+ Bxd6 12. exd6 c4 13. b3 b5 14. Ne5 Bb7 15. bxc4 dxc4 16. Be2 f6 17. Ng4 Nb6 18. Bf3 Kd7 19. f5 exf5 20. d5 Nxd5 21. Bxd5 fxg4 22. Bc5 Ne5 23. Bxb7 Rxb7 24. Rhe1 Re8 25. a4 Kc6 26. Bd4 b4 27. Bxe5 Rxe5 28. Rxe5 fxe5 29. Re1 Kxd6 30. Re4 b3 31. cxb3 cxb3 32. Kc1 Rc7+ 33. Kb2 Rc2+ 34. Kxb3 Rxg2 35. Rb4 h5 36. a5 Kd5 37. Rb6 Rxh2 38. Rxa6 g3 39. Rg6 g2 40. a6 Rh3+ 41. Kb2 Rh4 42. Rxg2 Ra4 43. Rxg7 Rxa6 44. Rh7 Rc6 45. Rxh5 Kd4 46. Rh8 e4 47. Rd8+ Ke3 48. Re8 Kd3 49. Rd8+ Ke2 50. Re8 e3 51. Re7 Kd2 52. Rd7+ Ke1 53. Re7 e2 54. Re8 Rc4 55. Re7 Kd2 56. Kb3 Rc1 57. Rd7+ Ke3 58. Re7+ Kf3 59. Rf7+ Kg4 60. Rg7+ Kf5 0-1

[Event "January 2 Early 2024"]
[Site "https://www.chess.com"]
[Date "2024.01.02"]
[Round "1"]
[White "Piesik, Piotr"]
[Black "Gajwa Ankit"]
[Result "1-0"]
[Board "195"]
[TimeControl "180+1"]
[WhiteFideId "1136194"]
[BlackFideId "5077834"]
[WhiteElo "2655"]
[BlackElo "2312"]
[WhiteTeam "CZE"]
[BlackTeam "IND"]
[WhiteClock "0:01:19"]
[BlackClock "0:00:29"]

1. Nf3 Nf6 2. g3 g6 3. Bg2 Bg7 4. O-O O-O 5. d4 d6 6. Nbd2 Nbd7 7. e4 e5 8. dxe5 Nxe5 9. Nxe5 dxe5 10. Qe2 c6 11. a4 a5 12. b3 Ne8 13. Ba3 Nd6 14. Nc4 Nxc4 15. Bxf8 Bxf8 16. Qxc4 Be6 17. Qe2 Bc5 18. Rad1 Qb6 19. Rd3 h5 20. Rfd1 h4 21. Bf3 hxg3 22. hxg3 Kg7 23. Bg4 Bxg4 24. Qxg4 Bxf2+ 25. Kg2 Bd4 26. Rh1 Qc5 27. Rd2 Qc3 28. Re2 Rh8 29. Rxh8 Kxh8 30. Qf3 Qa1 31. Qf1 Kg7 32. Qxa1 Bxa1 33. g4 Bd4 34. Kf3 Kf6 35. Rh2 Ke6 36. g5 Bb2 37. Rh8 Bc1 38. Kg4 Be3 39. Re8+ Kd7 40. Rf8 Ke7 41. Rb8 b6 42. Rb7+ Ke6 43. Rc7 c5 44. Rc6+ Kd7 45. Rxb6 Bd4 46. Rb5 1-0

[Event "January 2 Early 2024"]
[Site "https://www.chess.com"]
[Date "2024.01.02"]
[Round "1"]
[White "Poddubnyi, Viktor"]
[Black "Khumalo, Keith"]
[Result "1-0"]
[Board "196"]
[TimeControl "180+1"]
[WhiteFideId "4141989"]
[BlackFideId "14319470"]
[WhiteElo "2312"]
[BlackElo "2653"]
[WhiteTeam "RUS"]
[BlackTeam "RSA"]
[WhiteClock "0:00:40"]
[BlackClock "0:01:52"]

1. e4 c5 2. Nf3 d6 3. d4 cxd4 4. Nxd4 Nf6 5. Nc3 a6 6. Be3 e5 7. Nb3 Be7 8. h3 O-O 9. Qf3 b5 10. O-O-O Bb7 11. g4 b4 12. Nd5 Nxd5 13. exd5 a5 14. Bd3 Nd7 15. Nd2 Nb6 16. Bxb6 Qxb6 17. Nc4 Qc7 18. h4 Rac8 19. Qe4 g6 20. g5 Qc5 21. Ne3 a4 22. f4 Rfe8 23. f5 b3 24. axb3 axb3 1-0

[Event "January 2 Early 2024"]
[Site "https://www.chess.com"]
[Date "2024.01.02"]
[Round "1"]
[White "Feuerstack, Aljoscha"]
[Black "Diaz, Fernando"]
[Result "1-0"]
[Board "197"]
[TimeControl "180+1"]
[WhiteFideId "4681932"]
[BlackFideId "3701255"]
[WhiteElo "2651"]
[BlackElo "2311"]
[WhiteTeam "GER"]
[BlackTeam "PAR"]
[WhiteClock "0:00:05"]
[BlackClock "0:00:00"]

1. e4 e6 2. Qe2 d5 3. exd5 Qxd5 4. Nc3 Qd8 5. g3 Nf6 6. Bg2 Be7 7. Nf3 O-O 8. O-O Bd7 9. Ne5 Nc6 10. Nxd7 Qxd7 11. d3 Nd4 12. Qd1 c6 13. Be3 Rad8 14. Ne4 b6 15. Nxf6+ Bxf6 16. c3 Nf5 17. Bf4 Qxd3 18. Qxd3 Rxd3 19. Bxc6 Rfd8 20. Be4 R3d7 21. Bc6 Rd3 22. a4 h6 23. a5 g5 24. Bc7 Rc8 25. axb6 axb6 26. Ra7 Rd2 27. Rb1 Ne7 28. Ra8 Rxa8 29. Bxa8 Nc8 30. Bc6 Bd8 31. Be5 f6 32. Bd4 e5 33. Be3 Rd6 34. Be4 Ne7 35. Ra1 f5 36. Bc2 f4 37. gxf4 gxf4 38. Bc1 Kf7 39. Kf1 Kf6 40. Ke2 Nf5 41. b4 Ng7 42. Ra7 Ne6 43. Bb3 Ng5 44. Bb2 e4 45. c4+ Kf5 46. c5 bxc5 47. bxc5 Rc6 48. Ba3 Ne6 49. Rf7+ Bf6 50. Bd5 Ra6 51. Bb2 Ng5 52. Rf8 Ra5 53. Rxf6+ Kg4 54. Be6+ Kh4 55. c6 Rc5 56. Bb3 Rb5 57. Rxf4+ Kh3 58. c7 1-0

[Event "January 2 Early 2024"]
[Site "https://www.chess.com"]
[Date "2024.01.02"]
[Round "1"]
[White "Zampronha, Wladimir Camilo"]
[Black "Lizak, Peter"]
[Result "0-1"]
[Board "198"]
[TimeControl "180+1"]
[WhiteFideId "2103087"]
[BlackFideId "731595"]
[WhiteElo "2308"]
[BlackElo "2651"]
[WhiteTeam "BRA"]
[BlackTeam "HUN"]
[WhiteClock "0:00:37"]
[BlackClock "0:00:38"]

1. e4 e6 2. d4 d5 3. Nc3 Bb4 4. e5 c5 5. a3 Ba5 6. Bd2 cxd4 7. Nb5 Bxd2+ 8. Qxd2 Ne7 9. Nd6+ Kf8 10. Nf3 Nbc6 11. Nxc8 Rxc8 12. Bd3 Ng6 13. Bxg6 hxg6 14. O-O Rh5 15. Rfe1 Rf5 16. Nxd4 Nxd4 17. Qxd4 Rxc2 18. Qxa7 b6 19. Rf1 Rxe5 20. Rac1 Ree2 21. Rxc2 Rxc2 22. b4 Kg8 23. a4 d4 24. a5 bxa5 25. b5 Rb2 26. Qa6 d3 27. Rd1 Qd4 28. Qa8+ Kh7 29. Qf3 Rxb5 30. Qxf7 Rf5 31. Qa7 Qxa7 0-1

[Event "January 2 Early 2024"]
[Site "https://www.chess.com"]
[Date "2024.01.02"]
[Round "1"]
[White "Hajiyev, Kanan"]
[Black "Bulatova, Kamaliya"]
[Result "0-1"]
[Board "199"]
[TimeControl "180+1"]
[WhiteFideId "13404148"]
[BlackFideId "34111546"]
[WhiteElo "2651"]
[BlackElo "2307"]
[WhiteTeam "AZE"]
[BlackTeam "RUS"]
[WhiteClock "0:01:15"]
[BlackClock "0:01:05"]

1. d4 Nf6 2. Nf3 g6 3. g3 Bg7 4. Bg2 O-O 5. O-O d6 6. b3 c5 7. Bb2 cxd4 8. Nxd4 a5 9. a3 Na6 10. c4 Nc5 11. Nc3 Rb8 12. e4 Bg4 13. f3 Bd7 14. Kh1 Qc8 15. Re1 Bh6 16. Nd5 Nxd5 17. exd5 Re8 18. a4 Bg7 19. Qc2 Na6 20. Re2 Nb4 21. Qd2 Bf5 22. Nxf5 Qxf5 23. Bxg7 Kxg7 24. Rae1 Qf6 25. f4 b6 26. Bf3 Na6 27. Kg2 Nc5 28. Qe3 Rb7 29. Rd2 Rc7 30. h4 e5 31. Qc3 e4 32. Qc2 exf3+ 33. Kf2 Rxe1 34. Kxe1 Re7+ 35. Kf1 Ne4 0-1

[Event "January 2 Early 2024"]
[Site "https://www.chess.com"]
[Date "2024.01.02"]
[Round "1"]
[White "Ardila, Oscar Humberto"]
[Black "Cordoba Roa, Angel Gabriel"]
[Result "0-1"]
[Board "200"]
[TimeControl "180+1"]
[WhiteFideId "4404742"]
[BlackFideId "3957624"]
[WhiteElo "2307"]
[BlackElo "2651"]
[WhiteTeam "COL"]
[BlackTeam "COL"]
[WhiteClock "0:01:43"]
[BlackClock "0:01:29"]

1. a3 e5 2. h3 d5 3. d3 Nc6 4. Nd2 Nf6 5. Ngf3 e4 6. Ng1 Bc5 7. e3 O-O 8. d4 Bd6 9. Ne2 Ne7 10. Nf4 Re8 11. c4 Bxf4 12. exf4 e3 13. fxe3 Nf5 14. Nf3 Nxe3 15. Bxe3 Rxe3+ 16. Kf2 Re8 17. c5 Ne4+ 18. Kg1 Qf6 19. Qc1 b6 20. Bd3 Ng3 21. Rh2 Bf5 22. Kf2 Bxd3 23. Kxg3 Qg6+ 24. Kf2 Re2+ 25. Kg1 Rae8 26. Ne5 Qe4 27. Qd1 Ba6 28. g3 f6 29. Rxe2 Bxe2 30. Qd2 fxe5 31. Re1 exd4 32. cxb6 axb6 33. b4 d3 34. a4 Qd4+ 35. Kg2 Re3 36. a5 Qe4+ 37. Kg1 Rxg3+ 0-1

[Event "January 2 Early 2024"]
[Site "https://www.chess.com"]
[Date "2024.01.02"]
[Round "1"]
[White "Tanriverdi, Enes"]
[Black "Skaric, Djuro"]
[Result "1-0"]
[Board "201"]
[TimeControl "180+1"]
[WhiteFideId "34543279"]
[BlackFideId "934569"]
[WhiteElo "2651"]
[BlackElo "2307"]
[WhiteTeam "TUR"]
[BlackTeam "SRB"]
[WhiteClock "0:00:02"]
[BlackClock "0:00:00"]

1. e4 d6 2. Nf3 g6 3. d4 Bg7 4. Bc4 Nf6 5. Qe2 O-O 6. O-O Nc6 7. e5 Nd7 8. e6 Nb6 9. exf7+ Kh8 10. Bb3 Bg4 11. c3 e5 12. Nbd2 exd4 13. h3 dxc3 14. hxg4 cxb2 15. Bxb2 Bxb2 16. Ne4 Bg7 17. Rae1 Ne5 18. Nxe5 dxe5 19. g3 Qe7 20. Kg2 c6 21. Rh1 Bf6 22. Qe3 Rxf7 23. Bxf7 Qxf7 24. Rh2 Nd5 25. Qh6 Kg8 26. Reh1 Rf8 27. Qxh7+ Qxh7 28. Rxh7 Bg7 29. Ng5 Rf6 30. Ne4 Rf7 31. Nc5 Re7 32. Ne4 a5 33. g5 Rf7 34. R7h4 Rf5 35. Nd6 Rxg5 36. Nxb7 Nf4+ 37. Kf1 Nh5 38. Nxa5 e4 39. Nxc6 e3 40. Rg1 exf2 41. Kxf2 Rc5 42. Nd4 Ra5 43. Kf3 Rxa2 44. Rg4 Kf7 45. Ne2 Ra3+ 46. Kf2 Nf6 47. Rc4 Nd5 48. Rd1 Ne7 49. Rc7 Bf6 50. Nf4 Ke8 51. Ne6 Ra2+ 52. Kf1 Be5 53. Nf4 g5 54. Rc5 Bf6 55. Nh5 Bb2 56. Rxg5 Ra3 57. Re1 Kf7 58. Re2 Ra1+ 59. Kg2 Bd4 60. Rg4 Ra4 61. Ree4 Ra1 62. Rxd4 1-0

[Event "January 2 Early 2024"]
[Site "https://www.chess.com"]
[Date "2024.01.02"]
[Round "1"]
[White "Eggleston, Thomas A"]
[Black "Jakubowski, Krzysztof"]
[Result "0-1"]
[Board "202"]
[TimeControl "180+1"]
[WhiteFideId "412139"]
[BlackFideId "1112848"]
[WhiteElo "2305"]
[BlackElo "2650"]
[WhiteTeam "ENG"]
[BlackTeam "POL"]
[WhiteClock "0:00:00"]
[BlackClock "0:00:47"]

1. e4 c6 2. d4 d5 3. e5 Bf5 4. Nd2 a5 5. c4 e6 6. Ngf3 Nd7 7. a4 Bb4 8. Be2 dxc4 9. Bxc4 Nb6 10. Bb3 Ne7 11. O-O O-O 12. Qe2 h6 13. h3 Rc8 14. Ne4 Bxe4 15. Qxe4 Nbd5 16. Bc2 Ng6 17. h4 Re8 18. h5 Nf8 19. Rd1 c5 20. Be3 Qb6 21. dxc5 Bxc5 22. Bxc5 Rxc5 23. Nd4 Rec8 24. Bd3 Nb4 25. Bb5 Rd5 26. Ne2 Rc2 27. b3 Qc5 28. Rxd5 exd5 29. Qf3 Ne6 30. Rd1 d4 31. Bd3 Nxd3 32. Qxd3 Ra2 33. f4 b6 34. f5 Rxe2 35. fxe6 Rxe5 36. exf7+ Kxf7 37. Qg6+ Kg8 38. Rf1 d3+ 39. Kh1 Rxh5+ 0-1